 Dungeon Crawl Stone Soup version 0.27-a0-1188-g73eefd5def (webtiles) character file.

Game seed: 8121846312460754063

56 ZappyNine the Magician (level 4, -1/31 HPs)
             Began as a Djinni Summoner on May 21, 2021.
             Slain by a gnoll
             ... wielding a +0 spear
              (3 damage)
             ... on level 3 of the Dungeon.
             The game lasted 00:03:27 (3836 turns).

ZappyNine the Magician (Djinni Summoner)            Turns: 3836, Time: 00:03:27

Health: -1/31      AC:  2    Str:  7    XL:     4   Next: 15%
Gold:   59         EV: 12    Int: 18    God:
                   SH:  0    Dex: 13

rFire    + + .     SeeInvis .   m - +1 short sword (drain)
rCold    x . .     Faith    .   (no shield)
rNeg     . . .     Spirit   .   a - +0 robe
rPois    ∞         Reflect  .   (no helmet)
rElec    .         Harm     .   (no cloak)
rCorr    .         Rampage  .   (no gloves)
Will     .....                  (boots unavailable)
Stlth    ++........             (no amulet)
HPRegen  0.10/turn              (no ring)
MPRegen  0.00/turn              (no ring)

@: flying
A: sickness immunity, fire resistance 2, cold vulnerability 1, float, innate
caster, hp casting, extra vitality 1
a: no special abilities


You were on level 3 of the Dungeon.
You visited 1 branch of the dungeon, and saw 3 of its levels.

You collected 59 gold pieces.

Inventory:

Hand Weapons
 m - a +1 short sword of draining (weapon)
Missiles
 i - 4 curare-tipped darts
Armour
 a - a +0 robe (worn)
Magical Staves
 f - a staff of fire
 n - a staff of earth
Scrolls
 b - a scroll of enchant weapon {unknown}
 e - a scroll of enchant armour {unknown}
 h - a scroll of vulnerability {unknown}
 k - a scroll of acquirement {unknown}
 l - a scroll of fear {unknown}
 o - a scroll of magic mapping {unknown}
Potions
 c - 2 potions of attraction {unknown}
 d - 2 potions of flight {unknown}
 g - a potion of berserk rage {unknown}
 j - a potion of curing {unknown}


   Skills:
 + Level 0.3 Fighting
 - Level 2.1 Dodging
 - Level 1.5 Stealth
 * Level 4.3 Spellcasting


You couldn't memorise any spells.
You knew the following spells:

 Your Spells              Type           Power      Damage    Failure   Level
a - Summon Small Mammal   Summ           76%        N/A       2%          1
b - Call Imp              Summ           19%        N/A       3%          2
c - Call Canine Familiar  Summ           19%        N/A       8%          3
d - Summon Guardian Gole  Hex/Summ       19%        N/A       8%          3
e - Summon Lightning Spi  Summ/Air       19%        N/A       24%         4
f - Summon Ice Beast      Ice/Summ       19%        N/A       24%         4
g - Magic Dart            Conj           76%        1d6       2%          1
Your spell library was empty.

Dungeon Overview and Level Annotations

Branches:
Dungeon (3/15)

Altars:


Innate Abilities, Weirdness & Mutations

You are immune to sickness and miasma.
You are immune to poison.
Your flesh is very heat resistant. (rF++)
You are vulnerable to cold. (rC-)
You float through the air rather than walking.
You learn spells naturally, not from books.
Your magical power is your life essence.
You have superior vitality. (+4 HP)


Message History

You hit the gnoll. You drain the gnoll.
The gnoll is heavily wounded.
The gnoll barely misses you.
The gnoll hits you from afar with a +0 spear!
Your crimson imp closely misses the gnoll.
Your shadow imp hits the gnoll.
Unknown command.
You closely miss the gnoll.
The gnoll is severely wounded.
The gnoll hits you with a +0 spear. The gnoll closely misses you.
Your crimson imp hits the gnoll.
Your crimson imp blinks!
Your shadow imp hits the gnoll but does no damage.
Unknown command.
You hit the gnoll.
The gnoll is almost dead.
The gnoll hits you but does no damage.
The gnoll hits you from afar with a +0 spear!
* * * LOW HITPOINT WARNING * * *
Your crimson imp blinks!
Your shadow imp misses the gnoll.
The gnoll closely misses you.
Your shadow imp hits the gnoll.
The gnoll dies!
Unknown command.
What are your orders? t - Shout!
Orders for allies: a - Attack new target. r - Retreat! s - Stop attacking. g - Guard the area. f - Follow me.
Anything else - Cancel.
Gang up on whom?
Press: ? - help, Dir - move target, f - gnoll
Aim: a gnoll, wielding a +0 spear (ally target) Attack!
The gnoll hits you from afar with a +0 spear.
* * * LOW HITPOINT WARNING * * *
Your shadow imp gestures at the gnoll.
The gnoll writhes in agony!
The gnoll hits you from afar with a +0 spear.
You die...

####### #...@.#
#...5.#
##...g.#####
#....).'.>.#
#....5.###.#
########## #...5..#
#.# #.g..ggg..
#...<..# #.#
#.###########.....#
#.# #.#
#...........# #.#


You could see a gnoll (ally target), 2 friendly crimson imps and a friendly
shadow imp (summoned).

Vanquished Creatures
  An adder (D:2)
  A dart slug (D:2)
  3 bats (D:2)
  An endoplasm (D:3)
  A giant cockroach (D:2)
  3 goblins
  2 hobgoblins
  A jackal (D:1)
  A kobold (D:2)
  2 quokkas
  3 frilled lizards
  2 rats (D:2)
21 creatures vanquished.

Vanquished Creatures (collateral kills)
  A gnoll (D:3)
  A dart slug (D:1)
  A ball python (D:2)
  2 giant cockroaches (D:1)
  3 goblins
  4 jackals
  2 frilled lizards (D:1)
  4 kobolds
  A rat (D:1)
19 creatures vanquished.

Grand Total: 40 creatures vanquished

Notes
Turn   | Place    | Note
-------+----------+-------------------------------------------
     0 | D:1      | ZappyNine the Djinni Summoner began the quest for the Orb.
     0 | D:1      | Reached XP level 1. HP: 15/15 MP: 0/0
   779 | D:1      | Reached XP level 2. HP: 18/21 MP: 0/0
   928 | D:1      | Found a faded altar of an unknown god.
  2086 | D:2      | HP: 1/21 [goblin/stone (2)]
  2088 | D:2      | Reached XP level 3. HP: 2/25 MP: 0/0
  2088 | D:2      | Learned a level 1 spell: Magic Dart
  2440 | D:2      | Reached skill level 4 in Spellcasting
  3753 | D:3      | Reached XP level 4. HP: 31/31 MP: 0/0
  3836 | D:3      | Slain by a gnoll

Illustrated notes

Levels and vault maps discovered:
D:1:      lemuel_arrival_tunnels, layout_basic, ebering_ecumenical_altar_hall,
          chequers_garden
D:2:      layout_basic
D:3:      cheibrodos_thug_alley, layout_basic, uniq_sigmund, uniq_natasha

Skill      XL: |  1  2  3 |
---------------+----------+-----
Spellcasting   | 4 |  4.3
Fighting       | |  0.3
Dodging        | |  2.1
Stealth        | |  1.5

Action                   |  1- 3 |  4- 6 || total
-------------------------+-------+-------++-------
Melee: Unarmed           |     6 |       ||     6
       Dagger            |    33 |       ||    33
       Short sword       |    58 |     4 ||    62
 Cast: Summon Small Mamm |    25 |       ||    25
       Call Imp          |     7 |     6 ||    13
       Magic Dart        |     5 |       ||     5
 Stab: Sleeping          |     3 |       ||     3
Armor: Robe              |    29 |     1 ||    30
Dodge: Dodged            |    96 |     7 ||   103

Table legend: (Time is in decaauts)
 A = Elapsed time spent in this place.
 B = Non-inter-level travel time spent in this place.
 C = Inter-level travel time spent in this place.
 D = Time resting spent in this place.
 E = Time spent auto-exploring this place.
 F = Levels seen in this place.
 G = Mean time per level.
                   A        B        C        D        E       F      G
               +--------+--------+--------+--------+--------+-----+--------+
         Total |   3840 |   3674 |    166 |   1318 |   1948 |   3 | 1280.0 |
       Dungeon |   3840 |   3674 |    166 |   1318 |   1948 |   3 | 1280.0 |
               +--------+--------+--------+--------+--------+-----+--------+

Top non-repeatable levels by time:
     D:1: 1982 daAuts
     D:2: 1665 daAuts
     D:3: 192 daAuts
